 Dungeon Crawl Stone Soup version 0.20.0-15-g7f486f2 (webtiles) character file.

8943 Gorglomux the Basher (level 11, -12/84 HPs)
             Began as a Formicid Wizard on June 11, 2017.
             Was an Elder of Okawaru.
             Mangled by a large slime creature (22 damage)
             ... on level 13 of the Dungeon.
             The game lasted 00:18:00 (12165 turns).

Gorglomux the Basher (Formicid Wizard)             Turns: 12165, Time: 00:18:01

Health: -12/84     AC: 16    Str: 15    XL:     11   Next: 65%
Magic:  14/15      EV: 10    Int: 16    God:    Okawaru [****..]
Gold:   501        SH:  4    Dex:  7    Spells: 15/16 levels left

rFire    + . .     SeeInvis +   t - +3 whip (elec)
rCold    . . .     Gourm    .   (no shield)
rNeg     . . .     Faith    .   O - +0 chain mail
rPois    .         Spirit   .   (helmet unavailable)
rElec    .         Reflect  +   (no cloak)
rCorr    .         Harm     .   Y - +0 pair of gloves
MR       +....                  A - +0 pair of boots (curse)
Stlth    ..........             M - +4 amulet of reflection
Regen    0.3/turn               (no ring)
MPRegen  0.2/turn               (no ring)

@: heroism
A: permanent stasis, dig shafts and tunnels, four strong arms, antennae 3,
clumsy 1, dopey 1, fire resistance 1
a: Dig, Shaft Self, Heroism, Renounce Religion


You were on level 13 of the Dungeon.
You worshipped Okawaru.
Okawaru was greatly pleased with you.
You were not hungry.

You visited 2 branches of the dungeon, and saw 12 of its levels.
You also visited: Sewer.

You collected 501 gold pieces.

Inventory:

Hand Weapons
 t - a +3 whip of electrocution (weapon)
Missiles
 Z - a throwing net (quivered)
Armour
 y - a +0 ring mail
 A - a cursed +0 pair of boots (worn)
 O - a +0 chain mail (worn)
 Y - a +0 pair of gloves (worn)
Jewellery
 M - a +4 amulet of reflection (around neck)
Wands
 C - a wand of confusion (16/48)
 E - a wand of enslavement (10/24)
 I - a wand of iceblast (5/15)
Scrolls
 g - a scroll of immolation
 i - a scroll of enchant weapon
 s - 2 scrolls of magic mapping {unknown}
 B - 2 scrolls of blinking
 D - 3 scrolls of enchant armour {unknown}
 G - 2 scrolls of amnesia {unknown}
 H - 6 scrolls of remove curse {unknown}
 L - 3 scrolls of recharging {unknown}
 N - 3 scrolls of fear
 R - 6 scrolls of identify
 V - 2 scrolls of fog {unknown}
Potions
 q - 2 potions of magic
 v - 2 potions of might
 w - 2 potions of mutation
 J - 4 potions of heal wounds
 Q - 3 potions of curing
 T - a potion of degeneration {unknown}
 U - 4 potions of ambrosia
 W - a potion of brilliance {unknown}
Books
 b - a book of Minor Magic

   Spells                             Type                      Level
   a - Magic Dart                     Conjuration                  1
   b - Blink                          Translocation                2
   c - Call Imp                       Summoning                    2
   d - Slow                           Hexes                        2
   e - Conjure Flame                  Conjuration/Fire             3
   f - Mephitic Cloud                 Conjuration/Poison/Air       3
 S - a Young Poisoner's Handbook

   Spells                             Type                      Level
   a - Sting                          Conjuration/Poison           1
   b - Poisonous Vapours              Poison/Air                   2
   c - Mephitic Cloud                 Conjuration/Poison/Air       3
   d - Olgreb's Toxic Radiance        Poison                       4
   e - Venom Bolt                     Conjuration/Poison           5
Comestibles
 c - 5 bread rations
 h - 4 fruits
 z - a meat ration
 K - a royal jelly


   Skills:
 - Level 7.3(12.3) Fighting
 + Level 11.7(16.7) Maces & Flails
 - Level 10.1(15.1) Armour
 + Level 3.8(8.8) Dodging
 - Level 2.4(7.4) Stealth
 - Level 3.2 Spellcasting
 - Level 0.8 Conjurations
   Level 1.0 Summonings
   Level 0.8 Translocations
 + Level 4.3 Invocations


You had 15 spell levels left.
You knew the following spells:

 Your Spells              Type           Power        Failure   Level  Hunger
a - Magic Dart            Conj           #...         73%         1    None


Dungeon Overview and Level Annotations

Branches:
Dungeon (10/15)            Temple (1/1) D:7             Orc (0/2) D:9
   Lair: D:8-11

Altars:
Dithmenos
Gozag
Hepliaklqana
Nemelex Xobeh
Okawaru
Ru
Sif Muna
Trog

Shops:
D:4 =


Innate Abilities, Weirdness & Mutations

You cannot be hasted, slowed, berserked, paralysed or teleported.
You can dig through walls and to a lower floor.
Your four strong arms can wield two-handed weapons with a shield.
You have a pair of large antennae on your head. (SInv)
You are clumsy. (Dex -2)
You are dopey. (Int -2)
Your flesh is heat resistant. (rF+)


Message History

The large slime creature hits you!
You hit the large slime creature.
The large slime creature is severely wounded.
You hit the large slime creature.
Lightning courses through the large slime creature!
The large slime creature is severely wounded.
The large slime creature hits you!!
You hit the large slime creature.
The large slime creature is severely wounded.
Unknown command.
Your chain mail prevents you from hitting the large slime creature.
The large slime creature is severely wounded.
The large slime creature hits you!!
* * * LOW HITPOINT WARNING * * *
You whack the large slime creature!
The large slime creature is almost dead.
You barely miss the large slime creature.
The large slime creature is almost dead.
The large slime creature hits you!!
You die...

#..J##J.##
#...#..## ..
.....#J.#
.#..###..##.##
.........###.#
#J# #{## #.#
##{# #.# #J##
#.####@#
#.....## #
#.####.## ####
#.# ##.## ≈...
..# ##.## ≈≈≈.
#### ##.##
≈≈≈≈ ##.# E..≈
{ ####.# ....
#.##.#


You could see a large slime creature.

Vanquished Creatures
  2 two-headed ogres (D:9)
  A centaur warrior (D:13)
  A troll (D:9)
  A slime creature (D:13)
  3 hippogriffs
  A water elemental (D:13)
  8 yaks
  2 orc warriors (D:9)
  A sky beast (D:8)
  A black bear (D:6)
  3 ice beasts
  2 necrophages
  4 phantoms
  2 ogres
  8 centaurs
  3 bullfrogs
  A gnoll sergeant (D:7)
  4 scorpions
  9 wights (D:9)
  9 killer bees (D:8)
  2 howler monkeys
  3 crimson imps
  6 hounds
  2 jellies
  3 orc priests
  3 bullfrog skeletons
  2 gnoll shamans (D:6)
  8 iguanas
  6 orc wizards
  8 worker ants
  A howler monkey skeleton (D:9)
  20 gnolls
  8 adders
  A river rat (D:6)
  A shadow imp (D:7)
  An adder skeleton (D:9)
  2 adder zombies (D:6)
  2 worms
  A dart slug (D:1)
  2 leopard geckos
  33 orcs
  2 bats
  9 giant cockroaches
  8 goblins
  8 hobgoblins
  19 jackals
  8 kobolds
  A quokka (D:5)
  6 ball pythons
  9 frilled lizards
  A giant cockroach zombie (D:5)
  A leopard gecko skeleton (D:5)
  A quokka skeleton (D:8)
  7 rats
261 creatures vanquished.

Notes
Turn   | Place    | Note
-------+----------+-------------------------------------------
     0 | D:1      | Gorglomux the Formicid Wizard began the quest for the Orb.
     0 | D:1      | Reached XP level 1. HP: 13/13 MP: 4/4
   217 | D:1      | Reached skill level 1 in Fighting
   217 | D:1      | Reached XP level 2. HP: 21/21 MP: 3/6
   365 | D:1      | Reached skill level 1 in Armour
   869 | D:2      | HP: 1/22 [bat (1)]
   895 | D:2      | Reached XP level 3. HP: 27/27 MP: 2/7
   978 | D:2      | Reached skill level 1 in Maces & Flails
  1758 | D:3      | Reached XP level 4. HP: 31/34 MP: 8/8
  2059 | D:3      | Found a hazy altar of Hepliaklqana.
  2205 | D:3      | Reached skill level 3 in Fighting
  2293 | D:4      | Gained mutation: You are dopey. (Int -2) [potion of mutation]
  2293 | D:4      | Gained mutation: You are clumsy. (Dex -2) [potion of mutation]
  2293 | D:4      | Gained mutation: Your flesh is heat resistant. (rF+) [potion of mutation]
  2422 | D:4      | Found a shadowy altar of Dithmenos.
  2451 | D:3      | Reached skill level 2 in Maces & Flails
  2451 | D:3      | Reached XP level 5. HP: 13/41 MP: 7/9
  2836 | D:4      | Reached skill level 3 in Maces & Flails
  2837 | D:4      | Reached XP level 6. HP: 42/48 MP: 10/10
  3296 | D:4      | Noticed a phantom
  3329 | D:4      | Killed a phantom
  3329 | D:4      | Reached skill level 4 in Maces & Flails
  3372 | D:4      | Reached XP level 7. HP: 51/56 MP: 2/11
  3481 | D:4      | Found Bymut's Jewellery Shoppe.
  3846 | D:4      | Found an iron altar of Okawaru.
  3854 | D:4      | Became a worshipper of Warmaster Okawaru
  4036 | D:5      | Entered Level 5 of the Dungeon
  4115 | D:5      | Reached skill level 6 in Fighting
  4302 | D:5      | Reached skill level 5 in Maces & Flails
  4389 | D:5      | Reached XP level 8. HP: 54/65 MP: 7/12
  4855 | D:6      | Reached skill level 6 in Maces & Flails
  4893 | D:6      | Found an opulent altar of Gozag.
  4999 | D:6      | Reached * piety under Okawaru
  5148 | D:6      | Found a sacrificial altar of Ru.
  5262 | D:6      | Reached skill level 3 in Armour
  5270 | D:6      | Reached XP level 9. HP: 69/72 MP: 10/13
  5330 | D:6      | Reached skill level 7 in Maces & Flails
  5346 | D:6      | Found a glowing drain.
  5360 | Sewer    | Entered a sewer
  6437 | D:6      | Found a bloodstained altar of Trog.
  6693 | D:7      | Reached ** piety under Okawaru
  6827 | D:7      | Reached skill level 8 in Maces & Flails
  6954 | D:7      | Found a staircase to the Ecumenical Temple.
  6962 | Temple   | Entered the Ecumenical Temple
  7316 | D:8      | Reached skill level 6 in Armour
  7775 | D:8      | Reached XP level 10. HP: 70/79 MP: 14/14
  7786 | D:8      | Reached skill level 9 in Maces & Flails
  7883 | D:8      | Found a deep blue altar of Sif Muna.
  7925 | D:8      | Found a sparkling altar of Nemelex Xobeh.
  8467 | D:8      | Reached *** piety under Okawaru
  8663 | D:9      | Found a staircase to the Orcish Mines.
  8731 | D:9      | Received a gift from Okawaru
  8734 | D:9      | Noticed a two-headed ogre
  9003 | D:9      | Noticed a two-headed ogre
  9033 | D:9      | Killed a two-headed ogre
  9033 | D:9      | Reached skill level 10 in Maces & Flails
  9106 | D:8      | Reached skill level 9 in Armour
  9499 | D:9      | Killed a two-headed ogre
  9499 | D:9      | Reached **** piety under Okawaru
  9499 | D:9      | Reached XP level 11. HP: 17/84 MP: 12/15
  9970 | D:9      | Reached skill level 11 in Maces & Flails
 10542 | D:9      | Reached skill level 1 in Invocations
 10931 | D:10     | Entered Level 10 of the Dungeon
 10952 | D:10     | Reached skill level 3 in Dodging
 10987 | D:10     | Reached skill level 3 in Invocations
 11067 | D:10     | You fall through a shaft for 3 floors!
 11067 | D:13     | Noticed a centaur warrior
 11089 | D:13     | Killed a centaur warrior
 11106 | D:13     | Reached ***** piety under Okawaru
 11750 | D:13     | HP: 4/84 [electric eel/bolt of electricity (10)]
 12165 | D:13     | Mangled by a large slime creature

Skill      XL: |  1  2  3  4  5  6  7  8  9 10 11 |
---------------+----------------------------------+-----
Fighting       | 1 2 3 4 5 6 7 |  7.3
Armour         | 1 3 6 9 10 | 10.1
Maces & Flails | 1 2 3 4 5 6 8 10 11 | 11.7
Dodging        | 3 |  3.8
Invocations    | 4 |  4.3
Stealth        | |  2.4
Spellcasting   | |  3.2
Conjurations   | |  0.8
Summonings     | |  1.0
Translocations | |  0.8

Action                   |  1- 3 |  4- 6 |  7- 9 | 10-12 || total
-------------------------+-------+-------+-------+-------++-------
Melee: Dagger            |    15 |       |       |       ||    15
       Whip              |    20 |    86 |   472 |   431 ||  1009
       Spear             |     3 |       |       |       ||     3
       Unarmed           |     3 |       |       |       ||     3
       Punch             |       |       |     2 |     1 ||     3
 Cast: Magic Dart        |    60 |    13 |    50 |     1 ||   124
Invok: Heroism           |       |       |     5 |     8 ||    13
 Abil: Dig               |     1 |     3 |    11 |    14 ||    29
Evoke: Wand              |       |       |       |     2 ||     2
  Use: Potion            |     4 |     3 |       |     1 ||     8
       Scroll            |       |     2 |     7 |       ||     9
  Eat: Chunk             |     1 |     3 |    15 |    11 ||    30
       Meat ration       |       |     1 |       |     1 ||     2
       Royal jelly       |       |       |     1 |     1 ||     2
Armor: Robe              |    11 |       |       |       ||    11
       Skin              |     9 |       |       |       ||     9
       Ring mail         |     1 |    30 |    38 |       ||    69
       Chain mail        |       |       |   177 |   158 ||   335
Dodge: Dodged            |    39 |    42 |   155 |   127 ||   363
Block: Other             |       |       |    12 |    44 ||    56
       Reflection        |       |       |       |     3 ||     3
